 Dungeon Crawl Stone Soup version 0.29-a0-643-ga013cefcf8 (webtiles) character file.

Game seed: 8457968798700011809

214298 HoaS the Marksgargoyle (level 18, -22/120 HPs)
             Began as a Gargoyle Hunter on June 19, 2022.
             Was the Champion of Okawaru.
             Annihilated by a white very ugly thing (48 damage)
             ... on level 4 of the Swamp.
             The game lasted 01:18:42 (30440 turns).

HoaS the Marksgargoyle (Gargoyle Hunter)           Turns: 30440, Time: 01:18:43

Health: -22/120    AC: 33    Str: 17    XL:     18   Next: 99%
Magic:  25/25      EV: 30    Int: 10    God:    Okawaru [******]
Gold:   3653       SH:  0    Dex: 33    Spells: 17/17 levels left

rFire   . . .      SeeInvis .   t - +7 longbow of Honuw {vorpal, rCorr Dex+2}
rCold   . . .      Faith    .   (shield currently unavailable)
rNeg    + . .      Spirit   .   L - +0 steam dragon scales
rPois   ∞          Reflect  .   k - +1 helmet
rElec   +          Harm     .   K - +2 cloak
rCorr   +          Rampage  .   j - +1 pair of gloves
Will    +....                   z - +1 pair of boots {Stlth+}
Stlth   ++++......              n - amulet of regeneration
HPRegen 1.10/turn               p - +6 ring of dexterity
MPRegen 0.19/turn               I - +6 ring of dexterity

@: about to teleport, flying
A: sickness immunity, AC +13, big wings, negative energy resistance 1,
electricity resistance, torment resistance 1, petrification resistance
}: 1/15 runes: gossamer
a: Renounce Religion, Heroism, Finesse, Duel


You were on level 4 of the Swamp.
You worshipped Okawaru.
Okawaru was exalted by your worship.
You visited 5 branches of the dungeon, and saw 31 of its levels.
You also visited: Ossuary and Ice Cave.

You collected 4121 gold pieces.
You spent 468 gold pieces at shops.

Inventory:

Hand Weapons
 t - the +7 longbow of Honuw (weapon) {vorpal, rCorr Dex+2}
   (Okawaru gifted it to you on level 6 of the Lair of Beasts)

   Any ammunition fired from it inflicts extra damage upon your enemies.
   Dex:       It affects your dexterity (+2).
   rCorr:     It protects you from acid and corrosion.
Missiles
 x - 2 throwing nets
Armour
 j - a +1 pair of gloves (worn)
 k - a +1 helmet (worn)
 z - a +1 pair of boots of stealth (worn)
 K - a +2 cloak (worn)
 L - +0 steam dragon scales (worn)
Jewellery
 l - a ring of see invisible
 n - an amulet of regeneration (around neck)
 p - a +6 ring of dexterity (left hand)
 E - a ring of protection from fire
 I - a +6 ring of dexterity (right hand)
 J - a ring of ice
 M - a ring of protection from fire
Wands
 m - a wand of light (16)
 y - a wand of mindburst (5)
Scrolls
 c - 10 scrolls of immolation
 d - 2 scrolls of silence
 f - 3 scrolls of summoning
 o - 11 scrolls of teleportation
 q - 2 scrolls of brand weapon
 r - 4 scrolls of torment
 s - 5 scrolls of fog
 u - 8 scrolls of blinking
 C - 7 scrolls of poison
 D - 6 scrolls of fear
 S - 3 scrolls of enchant weapon
Potions
 a - 3 potions of haste
 b - 6 potions of ambrosia
 e - 4 potions of resistance
 g - 8 potions of might
 h - 4 potions of curing
 i - 2 potions of cancellation
 v - 3 potions of invisibility
 w - 4 potions of lignification
 B - 3 potions of berserk rage
 F - 4 potions of mutation
 N - a potion of attraction


   Skills:
 * Level 15.8 Fighting
 * Level 20.5 Bows
 + Level 15.1 Armour
 + Level 14.6 Dodging
 - Level 1.1 Stealth
 - Level 9.5 Invocations


You had 17 spell levels left.
You didn't know any spells.
Your spell library contained the following spells:

 Spells                   Type           Power      Damage    Failure   Level
 Freeze                   Ice            0%         1d3       36%         1
 Magic Dart               Conj           0%         1d3       36%         1
 Ensorcelled Hibernation  Hex/Ice        0%         N/A       50%         2
 Searing Ray              Conj           0%         2d4       50%         2
 Frozen Ramparts          Ice            0%         1d2       75%         3
 Gell's Gravitas          Tloc           0%         N/A       75%         3
 Lesser Beckoning         Tloc           0%         N/A       75%         3
 Ozocubu's Armour         Ice            0%         N/A       75%         3
 Spider Form              Tmut/Pois      0%         N/A       75%         3
 Teleport Other           Tloc           0%         N/A       75%         3
 Anguish                  Hex/Necr       0%         N/A       98%         4
 Cause Fear               Hex            0%         N/A       98%         4
 Fulminant Prism          Conj/Hex       0%         3d6       98%         4
 Hailstorm                Conj/Ice       0%         3d3       98%         4
 Ice Form                 Ice/Tmut       0%         N/A       98%         4
 Leda's Liquefaction      Hex/Erth       0%         N/A       98%         4
 Blade Hands              Tmut           0%         N/A       100%        5
 Borgnjor's Vile Clutch   Necr/Erth      0%         N/A       100%        5
 Freezing Cloud           Conj/Ice/Air   0%         6-21      100%        5
 Metabolic Englaciation   Hex/Ice        0%         N/A       100%        5
 Iron Shot                Conj/Erth      0%         9d1       100%        6
 Dragon Form              Tmut           0%         N/A       100%        7
 Polar Vortex             Ice            0%         N/A       100%        9
 Animate Armour           Summ/Erth      Unusable   N/A       N/A         4
 Animate Dead             Necr           Unusable   N/A       N/A         4
 Summon Ice Beast         Ice/Summ       Unusable   N/A       N/A         4
 Death Channel            Necr           Unusable   N/A       N/A         6
 Simulacrum               Ice/Necr       Unusable   N/A       N/A         6
 Dragon's Call            Summ           Unusable   N/A       N/A         9

Dungeon Overview and Level Annotations

Branches:
Dungeon (15/15)            Temple (0/1) D:4            Lair (6/6) D:11
  Swamp (4/4) Lair:2       Spider (4/4) Lair:4        Slime (0/5) Lair:6
    Orc (2/2) D:12            Elf (0/3) Orc:2        Vaults (0/5) D:13
 Depths (0/4) D:15        Ossuary (visited)           IceCv (visited)

Altars:
Ashenzari
Elyvilon
Fedhas
Gozag
Makhleb
Okawaru
Xom
Zin
The Shining One
Beogh
Jiyva

Shops:
D:9 =   D:13 [   D:15 *   Orc:2 (([(

Annotations:
D:15 3 runed translucent doors, Gahoodgh's ghost, adept HuCj


Innate Abilities, Weirdness & Mutations

You are immune to sickness and miasma.
Your stone body is resilient. (AC +13)
You are immune to poison.
Your large and strong wings let you fly.
You resist negative energy. (rN+)
You are resistant to electric shocks. (rElec)
You are resistant to unholy torment.
You are immune to petrification.


Message History

You shoot an arrow.
The arrow hits the green very ugly thing!!
The green very ugly thing is almost dead.
The green very ugly thing barely misses you.
The slime creature completely misses you.
You shoot an arrow.
The arrow hits the green very ugly thing!!
You kill the green very ugly thing!
Okawaru accepts your kill.
You shoot an arrow. The arrow hits the slime creature!!
You kill the slime creature!
Okawaru accepts your kill. The slime creature barely misses you.
The white very ugly thing claws you!
The white very ugly thing freezes you!!!
You shoot an arrow. The arrow hits the slime creature!!
The slime creature is severely wounded.
The slime creature completely misses you.
The white very ugly thing claws you but does no damage.
You shoot an arrow. The arrow hits the slime creature!
You kill the slime creature!
Okawaru accepts your kill. The white very ugly thing misses you.
You shoot an arrow.
The arrow hits the white very ugly thing!!
The white very ugly thing is moderately wounded.
You shoot an arrow.
The arrow closely misses the white very ugly thing.
The white very ugly thing claws you! The white very ugly thing freezes you!!
* * * LOW HITPOINT WARNING * * *
You are too injured to fight recklessly!
You are too injured to fight recklessly!
You are too injured to fight recklessly!
Okay, then.
As you read the scroll of teleportation, it crumbles to dust.
You feel strangely unstable.
The white very ugly thing barely misses you.
You feel better. The white very ugly thing claws you!
* * * LOW HITPOINT WARNING * * *
The white very ugly thing freezes you!!!
You die...

# #≈≈≈.≈.≈.≈♣#. ♣#≈#
#≈##≈≈≈≈≈≈.≈♣#≈ ♣#§≈≈
≈≈##.≈≈≈≈≈≈.#.. ##.#≈.#
#...##≈#≈#≈#.#..
#≈#≈.♣≈#.#.≈.##≈#≈#≈.♣#♣
≈≈≈.≈≈≈.≈≈≈..≈≈≈≈≈≈.≈♣
≈≈≈#≈.#≈#≈≈♣≈≈≈###≈.≈#
≈≈#.≈#u..#≈≈#≈.#.#≈≈.#
≈≈#.≈.@.≈.#≈≈#..#≈.≈♣
#.≈#.$.#≈.♣≈.#.#≈≈.♣
#≈§#≈≈#≈#.≈#≈§≈≈##≈≈≈#
≈≈≈!.≈≈.≈≈≈..≈≈≈≈≈≈.≈#
§≈.≈.#≈#§♣.≈.≈§≈#≈#†≈♣
≈#.(≈≈#≈#§..≈#≈#≈#.#[♣
##≈≈≈≈≈≈≈≈≈#≈.≈≈§≈.≈#
#§≈≈.#.≈≈≈#.≈§##≈.≈#
≈?♣≈≈#.##[#≈≈≈# ##≈.♣


You could see a white very ugly thing.

Vanquished Creatures
  Arachne (Spider:1)
  Jorgrun (Spider:3)
  Mlioglotl (Spider:2)
  Gastronok (Lair:2)
  Donald (Spider:3)
  Kirke (Spider:3)
  A thorn hunter (Swamp:2)
  2 fenstrider witches
  6 emperor scorpions
  2 orc warlords (Orc:1)
  6 ghost moths
  Aizul (Spider:1)
  A very ugly thing (Swamp:4)
  The ghost of Xemekh the Severer, a journeyman HOFi of Xom (Lair:4)
  3 eleionomae
  3 entropy weavers
  2 dire elephants
  4 bunyips
  3 spark wasps
  Snorg (D:10)
  A green death (Swamp:4)
  An ettin (Orc:1)
  A fire dragon (D:15)
  6 boulder beetles
  23 hydras
  2 centaur warriors
  3 catoblepae (Lair:6)
  5 two-headed ogres
  2 death knights
  2 ghost crabs
  2 ironbound frosthearts (IceCv)
  12 alligators
  2 jorogumos
  2 radroaches
  2 tengu warriors
  A dancing weapon (Lair:4)
  8 death yaks
  A thrashing horror (Swamp:4)
  Nergalle (D:12)
  Amaemon (Lair:4)
  A fire crab (Lair:6)
  6 goliath frogs
  4 pharaoh ants
  5 spriggan druids
  3 sun moths
  6 steelbarb worms
  7 bog bodies
  11 orb spiders
  A phantasmal warrior (D:15)
  The ghost of HoaS the Quickloader, a novice GrHu of Okawaru (D:7)
  7 swamp dragons
  2 deep elf pyromancers (D:14)
  3 orc knights (Orc:1)
  An oklob plant (D:7)
  5 orc sorcerers
  12 wolf spiders
  2 will-o-the-wisps
  4 moths of wrath
  22 elephants
  6 manticores
  11 cyclopes
  9 ugly things
  5 black mambas
  A molten gargoyle (Lair:6)
  An ice statue (IceCv)
  3 torpor snails
  5 demonic crawlers
  2 efreet (D:15)
  9 cane toads
  2 orange demons
  7 rime drakes
  2 freezing wraiths (D:15)
  8 komodo dragons
  3 tengu conjurers
  4 tyrant leeches
  A polar bear (shapeshifter) (Spider:1)
  8 trolls
  18 slime creatures
  11 blink frogs
  3 meliai (Spider:2)
  20 tarantellas
  A tarantella (shapeshifter) (D:15)
  16 hornets
  A blink frog (shapeshifter) (D:14)
  17 polar bears
  7 dream sheep
  Sigmund (D:4)
  20 jumping spiders
  3 shadows (Swamp:4)
  6 wyverns
  A vampire (D:11)
  15 culicivoras
  10 spriggans
  70 yaks
  11 humans
  Eustachio (D:4)
  9 basilisks
  6 hogs (Spider:3)
  3 steam dragons
  2 wraiths
  64 redbacks
  9 vampire mosquitoes
  12 swamp worms
  4 wargs
  24 water moccasins
  2 ice beasts
  A swamp drake (Swamp:2)
  32 orc warriors
  2 sky beasts
  4 black bears
  A black bear (shapeshifter) (D:15)
  2 hornet zombies (Ossuary)
  6 ogres
  11 centaurs
  31 wolves
  3 kobold brigands
  17 bullfrogs
  2 necrophages (D:6)
  5 wyvern zombies (Ossuary)
  A water moccasin zombie (Ossuary)
  2 gnoll sergeants (D:10)
  2 scorpions
  10 wights
  2 howler monkeys
  3 electric eels
  4 bullfrog zombies (Ossuary)
  6 centaur zombies (Ossuary)
  3 hounds (D:7)
  23 orc priests
  A gnoll shaman (Lair:5)
  3 jellies
  2 iguanas
  Jessica (D:2)
  29 orc wizards
  17 mummies (Ossuary)
  2 howler monkey zombies (Ossuary)
  Robin (D:3)
  8 adders
  11 gnolls
  2 shadow imps
  2 white imps
  2 ufetubi
  2 dart slugs (D:1)
  2 worms (D:2)
  97 orcs
  2 endoplasms
  2 giant cockroaches (D:1)
  11 goblins
  13 hobgoblins
  10 jackals (D:1)
  6 kobolds
  5 quokkas
  8 ball pythons
  5 bats
  2 frilled lizards
  3 rats
1099 creatures vanquished.

Vanquished Creatures (others)
  A bloated husk (Swamp:2)
  A spriggan (Swamp:1)
  A vampire mosquito (Swamp:2)
  2 humans (D:13)
  An orc wizard (Orc:2)
  21 fungi
  47 plants
  2 withered plants (Ossuary)
76 creatures vanquished.

Grand Total: 1175 creatures vanquished

Notes
Turn   | Place    | Note
-------+----------+-------------------------------------------
     0 | D:1      | HoaS the Gargoyle Hunter began the quest for the Orb.
     0 | D:1      | Reached XP level 1. HP: 12/12 MP: 1/1
   117 | D:1      | Reached XP level 2. HP: 17/17 MP: 2/2
   231 | D:1      | Reached XP level 3. HP: 21/21 MP: 3/3
   318 | D:1      | Reached skill level 5 in Bows
   927 | D:2      | Noticed Jessica
   934 | D:2      | Reached XP level 4. HP: 22/26 MP: 4/4
   935 | D:2      | Killed Jessica
  1030 | D:2      | Reached skill level 6 in Bows
  1576 | D:3      | Reached XP level 5. HP: 24/30 MP: 5/5
  1735 | D:3      | Identified the +6 whip "Cocheu" {elec, Int+3 Dex+4}
  1779 | D:3      | Identified the +1 ring mail of Jialanno {rPois Str-5 Int+4
                  | Dex+2}
  1813 | D:3      | Found an iron altar of Okawaru.
  1818 | D:3      | Became a worshipper of Warmaster Okawaru
  2154 | D:3      | Found a burning altar of Makhleb.
  2233 | D:4      | Noticed Robin
  2274 | D:3      | Killed Robin
  2315 | D:4      | Found a staircase to the Ecumenical Temple.
  2330 | D:4      | Noticed Sigmund
  2336 | D:4      | Killed Sigmund
  2336 | D:4      | Reached * piety under Okawaru
  2337 | D:4      | Reached skill level 7 in Bows
  2337 | D:4      | Reached XP level 6. HP: 35/35 MP: 5/7
  2645 | D:4      | Reached XP level 7. HP: 40/40 MP: 9/9
  2697 | D:4      | Found a sand-covered staircase.
  2705 | Ossuary  | Entered an ossuary
  2718 | Ossuary  | Reached skill level 8 in Bows
  2802 | Ossuary  | Reached ** piety under Okawaru
  2847 | Ossuary  | Reached skill level 9 in Bows
  2854 | Ossuary  | Reached XP level 8. HP: 31/44 MP: 10/10
  2921 | Ossuary  | Reached skill level 10 in Bows
  3073 | Ossuary  | Reached skill level 11 in Bows
  3078 | Ossuary  | Reached *** piety under Okawaru
  3180 | Ossuary  | Reached XP level 9. HP: 23/48 MP: 11/11
  3345 | D:4      | Found a glowing silver altar of Zin.
  3345 | D:4      | Found a glowing golden altar of the Shining One.
  3347 | D:4      | Found a white marble altar of Elyvilon.
  3456 | D:4      | Noticed Eustachio
  3467 | D:4      | Killed Eustachio
  3749 | D:5      | Entered Level 5 of the Dungeon
  3922 | D:5      | Reached skill level 12 in Bows
  4864 | D:6      | Reached skill level 13 in Bows
  5167 | D:6      | Reached **** piety under Okawaru
  5219 | D:7      | Found a transporter.
  5239 | D:7      | Noticed a hornet
  5255 | D:7      | Reached XP level 10. HP: 53/53 MP: 12/12
  5279 | D:7      | Noticed HoaS's ghost (novice GrHu)
  5288 | D:7      | Reached skill level 14 in Bows
  5318 | D:7      | Noticed a two-headed ogre
  5322 | D:7      | Found a transporter.
  5517 | D:7      | Noticed an oklob plant
  6823 | D:9      | Found a blossoming altar of Fedhas.
  6825 | D:9      | Found an opulent altar of Gozag.
  6974 | D:9      | Found Nurouz's Jewellery Emporium.
  6983 | D:9      | Bought a +4 ring of evasion for 468 gold pieces
  7047 | D:9      | Reached skill level 15 in Bows
  7071 | D:9      | Reached ***** piety under Okawaru
  7287 | D:10     | Entered Level 10 of the Dungeon
  7693 | D:10     | Noticed Snorg
  7700 | D:10     | Killed Snorg
  8020 | D:10     | Noticed a two-headed ogre
  8027 | D:10     | Killed a two-headed ogre
  8028 | D:10     | Reached skill level 16 in Bows
  8028 | D:10     | Reached skill level 1 in Armour
  8028 | D:10     | Reached XP level 11. HP: 59/59 MP: 10/13
  8321 | D:11     | Received a gift from Okawaru
  8436 | D:11     | Found a staircase to the Lair.
  8442 | D:11     | Noticed a boulder beetle
  8457 | D:11     | Killed a boulder beetle
  8504 | D:11     | Noticed a cyan ugly thing
  8538 | D:11     | Identified the +5 lajatang of the Final Decision {vorpal,
                  | *Rage rElec rF++ Int+3}
  8551 | Lair:1   | Entered Level 1 of the Lair of Beasts
  8769 | Lair:1   | Reached skill level 5 in Invocations
  8919 | Lair:1   | Noticed a seven-headed hydra
  8924 | Lair:1   | Reached skill level 5 in Dodging
  8938 | Lair:1   | Killed a seven-headed hydra
  8939 | Lair:1   | Reached skill level 5 in Fighting
  9560 | Lair:2   | Reached XP level 12. HP: 68/68 MP: 16/16
  9715 | Lair:2   | Reached skill level 5 in Armour
  9791 | Lair:2   | Noticed Gastronok
  9815 | Lair:2   | Noticed Amaemon
  9852 | Lair:2   | Killed Gastronok
 10009 | Lair:2   | Reached ****** piety under Okawaru
 10012 | Lair:2   | Found a staircase to the Swamp.
 10722 | Lair:3   | Identified the +0 robe "Koistral" {rPois}
 10795 | Lair:3   | Received a gift from Okawaru
 10996 | Lair:3   | Found an iron altar of Okawaru.
 11261 | Lair:3   | You fall into a shaft and drop 1 floor!
 11271 | Lair:4   | Reached XP level 13. HP: 76/76 MP: 10/18
 11336 | Lair:4   | Killed Amaemon
 11349 | Lair:4   | Found a hole to the Spider Nest.
 11600 | Lair:4   | Found a frozen archway.
 11629 | IceCv    | Entered an ice cave
 11889 | IceCv    | Identified the +0 pair of boots "Awenien" {rN+++ Will-
                  | Stlth-} (Okawaru gifted it to you in an ice cave)
 11889 | IceCv    | Received a gift from Okawaru
 12419 | IceCv    | Got the Catalogue of the Frostbite and the Rocks
 12425 | IceCv    | Identified the +10 rapier of Raemaylax {drain, rF+ rN+
                  | Dex+5}
 13028 | Lair:4   | Found a runed translucent door.
 13029 | Lair:4   | Found a shimmering altar of Xom.
 13029 | Lair:4   | Noticed Xemekh's ghost (journeyman HOFi)
 13029 | Lair:4   | Identified the +7 war axe of Disintegration {chaos, Will+}
 13133 | Lair:4   | Gained mutation: Your large and strong wings let you fly.
                  | [Gargoyle growth]
 13133 | Lair:4   | Reached XP level 14. HP: 81/86 MP: 19/21
 13831 | Lair:5   | Reached skill level 10 in Dodging
 14495 | Lair:6   | Entered Level 6 of the Lair of Beasts
 14623 | Lair:6   | Identified the +7 longbow of Honuw {vorpal, rCorr Dex+2}
                  | (Okawaru gifted it to you on level 6 of the Lair of Beasts)
 14623 | Lair:6   | Received a gift from Okawaru
 14858 | Lair:6   | Reached skill level 10 in Fighting
 15164 | Lair:6   | Reached skill level 10 in Armour
 15227 | Lair:6   | Identified the +11 rapier of the Heavens {freeze, rF+
                  | Dex+4} (Okawaru gifted it to you on level 6 of the Lair of
                  | Beasts)
 15227 | Lair:6   | Received a gift from Okawaru
 15270 | Lair:6   | Noticed a dire elephant
 15440 | Lair:6   | Killed a dire elephant
 15721 | Lair:6   | Found a viscous altar of Jiyva.
 15721 | Lair:6   | Found a staircase to the Slime Pits.
 15872 | Lair:6   | Received a gift from Okawaru
 15952 | Lair:6   | Reached XP level 15. HP: 94/94 MP: 22/22
 16156 | Lair:4   | Killed Xemekh's ghost
 16581 | D:12     | Found a broken altar of Ashenzari.
 16807 | D:12     | Found a staircase to the Orcish Mines.
 17228 | Orc:1    | Entered Level 1 of the Orcish Mines
 17228 | Orc:1    | Noticed Nergalle
 17239 | D:12     | Killed Nergalle
 17546 | Orc:2    | Entered Level 2 of the Orcish Mines
 17662 | Orc:2    | Received a gift from Okawaru
 17784 | Orc:2    | Noticed an orc warlord
 17814 | Orc:1    | Killed an orc warlord
 18152 | Orc:2    | Found a staircase to the Elven Halls.
 18308 | Orc:2    | Noticed an orc warlord
 18358 | Orc:1    | Killed an orc warlord
 18568 | Orc:2    | Found Wyunorgh's Antique Weapon Shop.
 18570 | Orc:2    | Found Zugibuq's Antique Armour Boutique.
 18788 | Orc:2    | Found Rusuel's Weapon Shoppe.
 19440 | Orc:2    | Found Dienuotz's Antique Weapon Shop.
 19919 | Orc:1    | Paralysed by an orc sorcerer for 5 turns
 19927 | Orc:1    | Paralysed by an orc sorcerer for 2 turns
 20215 | D:13     | Found Qebluski's Antique Armour Shop.
 20299 | D:13     | Identified the +2 hat of Distant Shores {Int+5 Stlth-}
                  | (Okawaru gifted it to you on level 13 of the Dungeon)
 20299 | D:13     | Received a gift from Okawaru
 20668 | D:13     | Found a gate to the Vaults.
 20927 | D:14     | You are sucked into a shaft and drop 1 floor!
 20927 | D:15     | Entered Level 15 of the Dungeon
 21094 | D:14     | Reached XP level 16. HP: 101/101 MP: 23/23
 21267 | D:14     | Reached skill level 17 in Bows
 21898 | D:15     | HP: 5/103 [fire dragon/blast of flame (52)]
 21988 | D:15     | Found a blossoming altar of Fedhas.
 22027 | D:15     | Found a runed translucent gate.
 22027 | D:15     | Found a runed translucent gate.
 22027 | D:15     | Found a runed translucent gate.
 22054 | D:15     | Found a glowing silver altar of Zin.
 22120 | D:15     | Identified a scroll of acquirement
 22154 | D:15     | Found a staircase to the Depths.
 22401 | D:15     | Found an opulent altar of Gozag.
 22401 | D:15     | Noticed a storm dragon
 22403 | D:15     | Found Zoff's Assorted Antiques.
 22403 | D:15     | Noticed Gahoodgh's ghost (adept HuCj)
 22586 | D:7      | Received a gift from Okawaru
 22601 | D:7      | Killed HoaS's ghost
 22802 | Spider:1 | Entered Level 1 of the Spider Nest
 23097 | Spider:1 | Acquired 765 gold pieces
 23743 | Spider:2 | Noticed Aizul
 23760 | Spider:1 | Killed Aizul
 23837 | Spider:2 | Reached skill level 18 in Bows
 23872 | Spider:2 | Noticed Arachne
 23909 | Spider:1 | Killed Arachne
 24000 | Spider:2 | Noticed Mlioglotl
 24010 | Spider:2 | Noticed a bone dragon
 24012 | Spider:2 | Killed Mlioglotl
 24550 | Spider:3 | Reached XP level 17. HP: 109/109 MP: 24/24
 24577 | Spider:3 | Noticed Donald
 24718 | Spider:3 | Identified the +10 lajatang "Iwnoso" {vorpal, rF+ Dex+5}
                  | (Okawaru gifted it to you on level 3 of the Spider Nest)
 24718 | Spider:3 | Received a gift from Okawaru
 25018 | Spider:3 | Killed Donald
 25104 | Spider:3 | Noticed Kirke
 25109 | Spider:3 | Killed Kirke
 25298 | Spider:3 | Noticed Jorgrun
 25307 | Spider:3 | Killed Jorgrun
 25479 | Spider:3 | Identified the +2 longbow of Karma {flame, rC+++ Str+3
                  | Dex+4 Stlth-} (Okawaru gifted it to you on level 3 of the
                  | Spider Nest)
 25479 | Spider:3 | Received a gift from Okawaru
 25630 | Spider:4 | Entered Level 4 of the Spider Nest
 25747 | Spider:4 | Reached skill level 19 in Bows
 26989 | Spider:4 | Received a gift from Okawaru
 27283 | Spider:4 | Got a gossamer rune of Zot
 27534 | Swamp:1  | Entered Level 1 of the Swamp
 27583 | Swamp:1  | Reached XP level 18. HP: 117/117 MP: 25/25
 28291 | Swamp:2  | Paralysed by a fenstrider witch for 4 turns
 28297 | Swamp:2  | Identified the +11 longbow of Wariness {flame, rElec Str+2
                  | Dex-4} (Okawaru gifted it to you on level 2 of the Swamp)
 28297 | Swamp:2  | Received a gift from Okawaru
 28298 | Swamp:2  | Paralysed by a fenstrider witch for 2 turns
 28798 | Swamp:3  | Reached skill level 15 in Fighting
 28798 | Swamp:3  | Reached skill level 20 in Bows
 28959 | Swamp:3  | Paralysed by a fenstrider witch for 2 turns
 28964 | Swamp:3  | Paralysed by a fenstrider witch for 2 turns
 29534 | Swamp:4  | Entered Level 4 of the Swamp
 29657 | Swamp:4  | Received a gift from Okawaru
 29892 | Swamp:4  | Reached skill level 15 in Armour
 30408 | Swamp:4  | Identified the +0 ring mail of Wuumetio {rPois Dex+2}
                  | (Okawaru gifted it to you on level 4 of the Swamp)
 30408 | Swamp:4  | Received a gift from Okawaru
 30440 | Swamp:4  | Annihilated by a white very ugly thing

Illustrated notes

Levels and vault maps discovered:
D:1:      giann_wishing_wells, layout_loops_ring
D:2:      layout_basic, chequers_serial_rivers_micro_b,
          chequers_serial_rivers_micro_a, uniq_jessica
D:3:      layout_loops_ring, mainiacjoe_overflow_surrounded_room,
          mainiacjoe_overflow_alcove_2
D:4:      layout_basic, dreamdust_divine_triumvirate,
          minmay_temple_entry_large_hall, nicolae_ossuary_entry_ruins,
          serial_forest, infiniplex_forest_lined_corner,
          infiniplex_forest_end_1, infiniplex_forest_straight_3,
          infiniplex_forest_clump_tiny, infiniplex_forest_clump_small,
          infiniplex_forest_side_room, infiniplex_forest_corner_2,
          infiniplex_forest_clump_long, infiniplex_forest_lined_1,
          hangedman_feature_mirror, kennysheep_generic_room_16, uniq_sigmund,
          uniq_robin, uniq_eustachio
D:5:      layout_basic
D:6:      layout_rooms
D:7:      layout_loops_cross, nicolae_overflow_hidden_temple, nzn_ghost_randoct
D:8:      layout_gridville
D:9:      layout_irregular_city, mainiacjoe_overflow_catwalk_spiral,
          serial_shops, shop
D:10:     layout_grid_maze, uniq_snorg
D:11:     layout_rooms, minmay_lair_entry_grove
D:12:     layout_irregular_city, orc_0_dummy, ashenzari_altar_1
D:13:     layout_roguey, ximxim_vaults_locker_room, serial_shops, shop
D:14:     layout_roguey, minmay_unpleasant_kobolds
D:15:     hangedman_depths_entry_try_elsewhere_first, layout_small_grid,
          ebering_ghost_gozag, fedhas_altar_1, zin_angel
Lair:1:   layout_hall_layers, nicolae_quartered_pool_medium
Lair:2:   layout_small_grid, swamp_mist_pool, uniq_gastronok, uniq_amaemon
Lair:3:   layout_cellular_growth, basic_altar, lemuel_fruit_fields
Lair:4:   layout_loops_ring, spider_nest_entry_a, ebering_ghost_xom,
          portal_ice_cave_rime, beast_lair_carwin_7
Lair:5:   layout_roguey, chequers_serial_rivers_large_a,
          dreamdust_mushroom_princess, dreamdust_gnoll_shepherd,
          lemuel_fruit_fields
Lair:6:   evilmike_catoblepas_cave, layout_gridlike,
          dpeg_slime_entry_enclosed_altar, nicolae_lair_lakeside_cave
Swamp:1:  layout_basic_swamp, hangedman_swamp_blocks
Swamp:2:  layout_falls_marsh, nicolae_swamp_little_swirl
Swamp:3:  layout_basic_swamp, serial_swamp_ruin, evilmike_swamp_ruin_house_4,
          evilmike_swamp_ruin_house_6, hangedman_swamp_ruin_hall
Swamp:4:  swamp_vile, layout_basic_swamp, swamp_pool3
Spider:1: layout_spider_delve, hellmonk_deceptive_appearances,
          hangedman_spider_tarantella_strand
Spider:2: layout_spider_delve, uniq_arachne, uniq_aizul, uniq_mlioglotl
Spider:3: layout_spider_delve, drop_trap, uniq_jorgrun, uniq_kirke, uniq_donald
Spider:4: spider_rune_water, hellmonk_test_site
Orc:1:    layout_diamond_mine, uniq_nergalle
Orc:2:    grunt_orc_community_town_hall, layout_caves,
          grunt_orc_community_big_house_1, grunt_orc_community_big_house_1,
          grunt_orc_community_house_2, grunt_orc_community_house_2,
          grunt_orc_community_house_2, grunt_orc_community_house_1,
          grunt_orc_community_house_3, grunt_orc_community_house_3

Skill      XL: |  1  2  3  4  5  6  7  8  9 10 11 12 13 14 15 16 17 18 |
---------------+-------------------------------------------------------+-----
Bows           | 5 6 7 9 11 13 16 18 19 20 | 20.5
Invocations    | 2 3 5 7 9 |  9.5
Armour         | 1 4 6 8 10 11 13 14 15 | 15.1
Dodging        | 2 5 7 9 11 12 13 14 | 14.6
Fighting       | 5 7 9 11 12 13 14 15 | 15.8
Stealth        | |  1.1

Action                   |  1- 3 |  4- 6 |  7- 9 | 10-12 | 13-15 | 16-18 || total
-------------------------+-------+-------+-------+-------+-------+-------++-------
Melee: Longbow           |       |       |       |       |       |     2 ||     2
 Fire: Shortbow          |   128 |   133 |   422 |   561 |   601 |       ||  1845
       Longbow           |       |       |       |       |   943 |  1546 ||  2489
Throw: Throwing net      |       |       |       |       |     2 |       ||     2
Invok: Heroism           |       |       |     1 |     4 |     5 |    10 ||    20
       Finesse           |       |       |       |     1 |     4 |     9 ||    14
Evoke: Wand              |       |     3 |       |       |       |       ||     3
  Use: Scroll            |     3 |    10 |    16 |     3 |     7 |     3 ||    42
       Potion            |       |       |     2 |     3 |     6 |    10 ||    21
Armor: Leather armour    |    37 |    40 |   112 |    55 |   134 |       ||   378
       Steam dragon scal |       |       |       |       |    80 |   355 ||   435
Dodge: Dodged            |    41 |    66 |   147 |   241 |   787 |  1126 ||  2408

Table legend: (Time is in decaauts)
 A = Elapsed time spent in this place.
 B = Non-inter-level travel time spent in this place.
 C = Inter-level travel time spent in this place.
 D = Time resting spent in this place.
 E = Time spent auto-exploring this place.
 F = Levels seen in this place.
 G = Mean time per level.
                   A        B        C        D        E       F      G
               +--------+--------+--------+--------+--------+-----+--------+
         Total |  29880 |  28129 |   1751 |   4777 |  16873 |  33 |  905.5 |
       Dungeon |  11805 |  11101 |    704 |   1117 |   7807 |  15 |  787.0 |
          Lair |   6327 |   5659 |    668 |    376 |   4017 |   6 | 1054.5 |
         Swamp |   2802 |   2739 |     63 |    685 |   1380 |   4 |  700.5 |
   Spider Nest |   4477 |   4309 |    168 |   1292 |   2092 |   4 | 1119.2 |
  Orcish Mines |   2760 |   2614 |    146 |   1057 |    837 |   2 | 1380.0 |
       Ossuary |    656 |    656 |      0 |    154 |    129 |   1 |  656.0 |
      Ice Cave |   1050 |   1050 |      0 |     95 |    609 |   1 | 1050.0 |
               +--------+--------+--------+--------+--------+-----+--------+

Top non-repeatable levels by time:
   Orc:2: 1856 daAuts
Spider:4: 1633 daAuts
  Lair:6: 1550 daAuts
  Lair:2: 1147 daAuts
Spider:3: 1120 daAuts
    D:10: 1103 daAuts
  Lair:4: 1079 daAuts
   IceCv: 1050 daAuts
Spider:1: 994 daAuts
    D:14: 946 daAuts
  Lair:3: 920 daAuts
  Lair:1: 918 daAuts
   Orc:1: 904 daAuts
     D:4: 902 daAuts
     D:7: 889 daAuts
